 Dungeon Crawl Stone Soup version 0.19.0 (webtiles) character file.

194 tyranidshit the Skirmisher (level 5, 0/46 HPs)
             Began as a Demonspawn Abyssal Knight on Nov 1, 2016.
             Was a Believer of Lugonu.
             Slain by Sigmund
             ... wielding a +0 scythe
              (1 damage)
             ... on level 3 of the Dungeon.
             The game lasted 00:08:20 (2055 turns).

tyranidshit the Skirmisher (DsAK)                   Turns: 2055, Time: 00:08:21

Health: 0/46       AC: 11    Str: 13    XL:     5   Next: 44%
Magic:  6/6        EV:  6    Int: 13    God:    Lugonu [**....]
Gold:   53         SH:  0    Dex: 17    Spells: 0 memorised, 4 levels left

rFire  . . .     SeeInvis .     a - +1 hand axe
rCold  . . .     Gourm    .     e - +0 chain mail
rNeg   . . .     Faith    .     (no shield)
rPois  .         Spirit   .     h - +0 helmet
rElec  .         Reflect  .     k - +0 cloak
rCorr  .         Harm     .     f - +0 pair of gloves
MR     .....                    (no boots)
Stlth  ..........               (no amulet)
                                (no ring)
                                d - +4 ring of dexterity

@: confused
A: claws 1, foul stench 1, rot immunity
a: Depart the Abyss, Bend Space, Renounce Religion


You were on level 3 of the Dungeon.
You worshipped Lugonu.
Lugonu was pleased with you.
You were not hungry.

You visited 1 branch of the dungeon, and saw 3 of its levels.
You visited the Abyss 1 time.

You collected 53 gold pieces.

Inventory:

Hand Weapons
 a - a +1 hand axe (weapon)
Armour
 e - a +0 chain mail (worn)
 f - a +0 pair of gloves (worn)
 h - a +0 helmet (worn)
 k - a +0 cloak (worn)
Jewellery
 d - a +4 ring of dexterity (left hand)
Wands
 j - a wand of slowing (35/48)
Comestibles
 c - 3 bread rations
 g - 2 beef jerkies
 i - 8 fruits


   Skills:
 + Level 6.2 Fighting
 - Level 1.7 Axes
 - Level 1.7 Armour
 - Level 0.8 Dodging
 - Level 2.4 Invocations


You had 4 spell levels left.
You didn't know any spells.

Dungeon Overview and Level Annotations

Branches:
Dungeon (3/15)

Altars:
Okawaru
Xom

Annotations:
D:3 Sigmund


Innate Abilities, Weirdness & Mutations

You have sharp fingernails.
You may emit foul miasma when damaged in melee.
You are immune to rotting.


Message History

You hit something.
You hear some strange, mumbled words.
You are confused.
You miss something.
You hear some strange, mumbled words.
A puff of flame appears from out of thin air!
The puff of flame hits you!
* * * LOW HITPOINT WARNING * * *
You bump into the rock wall.
Something hits you but does no damage.
You bump into the rock wall.
You completely miss something.
You hear some strange, mumbled words.
You are more confused.
You hit something. Something hits you.
* * * LOW HITPOINT WARNING * * *
You bump into the rock wall.
Something hits you!
* * * LOW HITPOINT WARNING * * *
You completely miss something. Something hits you.
You die...

.# #.#.#...#.#
#.# .#
#######.#.#
#.# .# #.#.#
#.# .# #.#.#
#.#
.###########.#
#.#
........)..#.#
#.#
.#########.#.#
#.# .# #.#.#
#.#
##########.#.#
#@#
........†..#.#
#{#
...........#.#
#.#
.......###.#.#
#.# .......#
#.#.# #.#
.......# #.#.#
#.#
.......###.#.#
#.#
......)......#
#.#
.......###.###


There were no monsters in sight!

Vanquished Creatures
  A crimson imp (D:2)
  A worker ant (D:3)
  3 gnolls (D:2)
  2 adders
  A worm (D:2)
  3 dart slugs (D:3)
  2 leopard geckos
  4 orcs (D:3)
  A ball python (D:1)
  11 bats
  A giant cockroach (D:3)
  7 goblins
  10 hobgoblins
  6 jackals (D:1)
  4 kobolds
  7 frilled lizards
  5 rats
69 creatures vanquished.

Notes
Turn   | Place    | Note
-------+----------+-------------------------------------------
     0 | Abyss:1  | tyranidshit the Demonspawn Abyssal Knight began the quest for the Orb.
     0 | Abyss:1  | Reached XP level 1. HP: 18/18 MP: 2/2
    40 | Abyss:2  | Found a shattered altar of Ashenzari.
   152 | D:1      | Escaped the Abyss
   264 | D:1      | Reached * piety under Lugonu
   275 | D:1      | Gained mutation: You are immune to rotting. [demonic ancestry]
   275 | D:1      | Reached XP level 2. HP: 23/24 MP: 3/3
   377 | D:1      | Reached skill level 4 in Fighting
   496 | D:1      | Reached XP level 3. HP: 30/30 MP: 4/4
   807 | D:2      | Reached ** piety under Lugonu
   948 | D:2      | Found an iron altar of Okawaru.
  1213 | D:3      | Found a shimmering altar of Xom.
  1274 | D:3      | Gained mutation: You have sharp fingernails. [demonic ancestry]
  1274 | D:3      | Reached XP level 4. HP: 25/38 MP: 5/5
  1284 | D:3      | Reached skill level 5 in Fighting
  1801 | D:3      | Gained mutation: You may emit foul miasma when damaged in melee. [demonic ancestry]
  1801 | D:3      | Reached XP level 5. HP: 40/46 MP: 6/6
  1869 | D:2      | Reached skill level 6 in Fighting
  2033 | D:3      | Noticed Sigmund
  2053 | D:3      | HP: 1/46 [something (8)]
  2055 | D:3      | Slain by Sigmund

Skill      XL: |  1  2  3  4  5 |
---------------+----------------+-----
Fighting       | 4 5 6 |  6.2
Axes           | |  1.7
Armour         | |  1.7
Dodging        | |  0.8
Invocations    | |  2.4

Action                   |  1- 3 |  4- 6 || total
-------------------------+-------+-------++-------
Melee: Hand axe          |   146 |   124 ||   270
Invok: Depart the Abyss  |     1 |       ||     1
Evoke: Wand              |       |     4 ||     4
  Use: Scroll            |     5 |     2 ||     7
       Potion            |     3 |     1 ||     4
  Eat: Meat ration       |     1 |       ||     1
Armor: Leather armour    |    20 |       ||    20
       Ring mail         |    62 |       ||    62
       Scale mail        |    23 |    11 ||    34
       Chain mail        |       |    74 ||    74
Dodge: Dodged            |   125 |    41 ||   166
